Ada, neutral female human Valkyrie ------- ---------- #......| |........+# #|.....q# |........|# #|....@|% |........|# #|.....|## -------|--# #------- ##################`I # # # # ### # #------------.-- #|...........%>| #|.............| #|.............| #..............+ --------------- Ada the Skirmisher Experience level: 4 Strength: 18/04 Dexterity: 11 Constitution: 18 Intelligence: 8 Wisdom: 8 Charisma: 8 Health: 0(41) Energy: 9(9) Def: 4 Gold: 616 Moves: 2707 Dungeon seed: 0yrWni-Q-cyvmNTj Game ID: Ada_1479232301 Your Inventory: Coins $ - 616 gold pieces Weapons a - a +1 long sword (weapon in hand) b - a +0 dagger d - a blessed +0 long sword Armor e - an uncursed +3 small shield (being worn) Comestibles c - 3 uncursed food rations t - an uncursed fortune cookie I - an uncursed cream pie Scrolls u - an uncursed scroll of gold detection y - an uncursed scroll of enchant armor C - an uncursed scroll of destroy armor Potions f - an uncursed potion of confusion h - an uncursed potion of sleeping A - an uncursed potion of healing Rings m - an uncursed ring of free action r - a blessed +2 ring of protection v - a cursed ring of hunger B - a cursed ring of aggravate monster H - an uncursed ring of stealth Wands g - a wand of striking (0:8) i - a wand of teleportation (0:4) j - a wand of light (0:15) D - a wand of undead turning (0:4) Tools x - an uncursed towel E - an uncursed lock pick F - an uncursed skeleton key G - an expensive camera (0:74) Spells and supernatural/magical abilities: Name Level Category Fail Memory W - pray for help -- divine ? -- Your skills at the end: Fighting Skills Weapon Skills dagger [Basic] long sword [Basic] Spellcasting Skills Final Attributes: You were piously aligned. You were cold resistant. You were stealthy. You were lucky. You are dead. Vanquished creatures: 2 gnome lords a giant ant 3 rothes an acid blob 2 hobbits 2 giant rats 3 cave spiders 2 brown molds a yellow mold a green mold a gecko 9 jackals a fox 3 sewer rats 4 grid bugs a bat 4 lichens 5 newts 46 creatures vanquished. Voluntary challenges: You were an atheist. You used a wielded weapon 47 times, starting on turn 2. You were illiterate. You never genocided any monsters. You never polymorphed an object. You never changed form. You used no wishes. You never split a pudding. You never wrote Elbereth's name. You never violated your personal moral code. Dungeon overview: The Dungeons of Doom: levels 1 to 8 Level 1 a long staircase Level 2 a general store, a fountain Level 3 a jewelry store Level 4 a fountain a long staircase Level 5 many fountains Level 6 a fountain Level 7 <- You were here Level 8 History has recorded: On T:1 you entered the Dungeons of Doom to retrieve the Amulet of Yendor! On T:447 you reached level 2 of The Dungeons of Doom. On T:605 you advanced to experience level 2. On T:883 you reached level 3 of The Dungeons of Doom. On T:1444 you advanced to experience level 3. On T:1463 you reached level 4 of The Dungeons of Doom. On T:1821 you reached level 5 of The Dungeons of Doom. On T:2063 you reached level 6 of The Dungeons of Doom. On T:2156 you advanced to experience level 4. On T:2526 you reached level 8 of The Dungeons of Doom. On T:2571 you reached level 7 of The Dungeons of Doom. Score breakdown: Gold: 616 ( 9491 points) Experience: 4 levels ( 9649 points) Exploration: 8 levels ( 16.00%) (11338 points) Discoveries: 2 items ( 0.81%) ( 2705 points) Valuables value: (no points given unless you survive) Artifact value: 0 ( 0 points) Variety of kills: 18 monsters ( 4.72%) ( 6520 points) Turncount: 2707 turns ( -448 points) Survival: died (score multiplied by 80%) Total score: 31404 Latest messages: You can see again. You kill the jackal! There is a doorway here. You see here 2 food rations. The jackal bites! You kill the jackal! The jackal misses. You kill the jackal! The jackal bites! You kill the jackal! There are a few objects here. This jackal corpse tastes terrible! You stop eating. You miss the rothe. The rothe hits! The rothe bites! (2x) You hit the rothe! The rothe hits! The rothe bites! (2x) You die... Final status: Farvel Ada the Valkyrie, killed by a rothe... You died in The Dungeons of Doom on dungeon level 7 with 31404 points, and 616 pieces of gold, after 2707 moves. You were level 4 with a maximum of 41 hit points when you died.